 Dungeon Crawl Stone Soup version 0.28.0-45-g0d030f2227 (webtiles) character file.

Game seed: 13650033526972125589

28 seaoflcl the Skirmisher (level 2, -6/24 HPs)
             Began as a Demonspawn Abyssal Knight on Apr 25, 2022.
             Was a Follower of Lugonu.
             Mangled by Sigmund
             ... wielding a +0 scythe
              (7 damage)
             ... on level 2 of the Dungeon.
             The game lasted 00:01:08 (983 turns).

seaoflcl the Skirmisher (Demonspawn Abyssal Knight)  Turns: 983, Time: 00:01:09

Health: -6/24      AC:  3    Str: 13    XL:     2   Next: 96%
Magic:  4/4        EV: 11    Int: 11    God:    Lugonu [*.....]
Gold:   8          SH:  0    Dex: 13    Spells: 1/1 levels left

rFire   . . .      SeeInvis .   a - +1 mace
rCold   . . .      Faith    .   (no shield)
rNeg    . . .      Spirit   .   b - +0 leather armour
rPois   .          Reflect  .   (no helmet)
rElec   .          Harm     .   (no cloak)
rCorr   .          Rampage  .   (no gloves)
Will    .....                   (no boots)
Stlth   +.........              (no amulet)
HPRegen 0.08/turn               (no ring)
MPRegen 0.09/turn               (no ring)

@: confused
A: demonic magic 1
a: Renounce Religion, Depart the Abyss


You were on level 2 of the Dungeon.
You worshipped Lugonu.
Lugonu was aware of your devotion.
You visited 1 branch of the dungeon, and saw 2 of its levels.
You visited the Abyss 1 time.

You collected 8 gold pieces.

Inventory:

Hand Weapons
 a - a +1 mace (weapon)
Armour
 b - a +0 leather armour (worn)


   Skills:
 + Level 3.2 Fighting
 + Level 2.1 Maces & Flails
 + Level 2.1 Armour
 + Level 1.3 Dodging
 + Level 2.9 Invocations


You had one spell level left.
You didn't know any spells.
Your spell library was empty.

Dungeon Overview and Level Annotations

Branches:
Dungeon (2/15)

Altars:

Annotations:
D:2 Sigmund


Innate Abilities, Weirdness & Mutations

Spells you cast may paralyse adjacent enemies.


Message History

The endoplasm quivers.
The endoplasm barely misses you.
There are monsters nearby!
You hit the endoplasm but do no damage. The endoplasm hits you.
You sock the endoplasm!
You kill the endoplasm!
Lugonu accepts your kill. The dart slug launches a dart at you.
The slug dart hits you.
There is an open door here.
There is an open door here.
The dart slug launches a dart at you. The slug dart hits you.
There is a stone staircase leading down here.
You climb downwards.
Sigmund shouts!
The goblin shouts!
There is a stone staircase leading up here.
A kobold comes into view. It is wielding a +0 whip.
The kobold throws a stone.
The stone hits you but does no damage.
Sigmund gestures wildly while chanting.
Sigmund flickers and vanishes!
Deactivating autopickup; reactivate with Ctrl-A.
The goblin hits you with a +0 dagger.
The kobold throws a stone.
The stone misses you.
You hear some strange, mumbled words.
You are confused.
The goblin hits you with a +0 dagger. Something hits you!
* * * LOW HITPOINT WARNING * * *
The goblin hits you with a +0 dagger.
* * * LOW HITPOINT WARNING * * *
The kobold throws a stone.
The stone hits you but does no damage. The goblin hits you with a +0 dagger.
* * * LOW HITPOINT WARNING * * *
Something hits you but does no damage. The goblin barely misses you.
You sock the goblin!
You kill the goblin!
Lugonu accepts your kill.
The kobold throws a stone.
The stone misses you. Something hits you!
You die...

###########
#..........
#..........
#.{........
+<)........
#.@....K...
########+##


You could see a kobold.

Vanquished Creatures
  A gnoll (D:1)
  2 dart slugs (D:1)
  A ball python (D:1)
  2 endoplasms (D:1)
  4 goblins
  A hobgoblin (D:1)
  A bat (D:1)
  A frilled lizard (D:1)
  2 kobolds (D:1)
  A rat (D:1)
16 creatures vanquished.

Notes
Turn   | Place    | Note
-------+----------+-------------------------------------------
     0 | Abyss:1  | seaoflcl the Demonspawn Abyssal Knight began the quest for
                  | the Orb.
     0 | Abyss:1  | Reached XP level 1. HP: 18/18 MP: 2/2
    34 | Abyss:1  | Found a corrupted altar of Lugonu.
    74 | Abyss:1  | Noticed a worldbinder
    78 | Abyss:1  | Noticed an ironbound thunderhulk
    78 | Abyss:1  | Noticed an ironbound thunderhulk
    78 | D:1      | Escaped the Abyss
   409 | D:1      | Reached skill level 1 in Dodging
   484 | D:1      | Gained mutation: Spells you cast may paralyse adjacent
                  | enemies. [demonic ancestry]
   484 | D:1      | Reached XP level 2. HP: 24/24 MP: 4/4
   807 | D:1      | Reached * piety under Lugonu
   976 | D:2      | Noticed Sigmund
   981 | D:2      | HP: 1/24 [goblin/+0 dagger (3)]
   983 | D:2      | Mangled by Sigmund

Illustrated notes

Levels and vault maps discovered:
D:1:      onia_arrival_mini_spirals, layout_basic
D:2:      layout_basic, uniq_terence, uniq_sigmund

Skill      XL: |  1  2 |
---------------+-------+-----
Dodging        | 1 |  1.3
Maces & Flails | 2 |  2.1
Armour         | 2 |  2.1
Fighting       | |  3.2
Invocations    | |  2.9

Action                   || total
-------------------------++-------
Melee: Mace              ||    40
       Punch             ||     1
Invok: Depart the Abyss  ||     1
 Stab: Sleeping          ||     1
Armor: Leather armour    ||     8
Dodge: Dodged            ||    23
